[Event "Titled Tuesday Blitz March 21 Early 2023"]
[White "rikchessmx"]
[Black "Blokhin, Sofia"]
[BlackFideId "4508190"]
[WhiteElo "2400"]
[BlackElo "1994"]
[Result "1-0"]
[Round "04"]
[TimeControl "180+2"]
[Date "2023.03.21"]
[WhiteClock "0:00:16"]
[BlackClock "0:00:07"]

1. e4 c5 2. Nf3 Nc6 3. d4 cxd4 4. Nxd4 Nf6 5. Nc3 e5 6. Ndb5 d6 7. a4 Be7 8. Be3 a6 9. Na3 O-O 10. Be2 Be6 11. Nc4 Rb8 12. Nb6 Nd7 13. Nbd5 Bg5 14. O-O Bxe3 15. fxe3 Qg5 16. Qe1 Nc5 17. h4 Qh6 18. Bf3 f5 19. exf5 Bxf5 20. b4 Nd7 21. b5 Nd8 22. Ne7+ Kh8 23. Nxf5 Rxf5 24. e4 Rf4 25. g3 Rf8 26. Qc1 Qe6 27. Qg5 Nf7 28. Qg4 Qe8 29. Rad1 Nf6 30. Qh3 Rc8 31. Rd3 Rc4 32. Rfd1 Qc8 33. Qxc8 Rfxc8 34. bxa6 bxa6 35. Nd5 Nxd5 36. Rxd5 Rxc2 37. Bg4 Rb8 38. Be6 Rbb2 39. Bxf7 Rg2+ 40. Kf1 Rbf2+ 41. Ke1 Re2+ 42. Kf1 Ref2+ 43. Ke1 Rxf7 44. Rxd6 Rg1+ 45. Ke2 Rxd1 46. Rxd1 h6 47. Rd6 Rb7 48. Rxa6 Rb3 49. Kf2 Rb4 50. Kf3 Rb3+ 51. Kg4 Rb4 52. Kf5 Rb3 53. g4 Kh7 54. g5 Rf3+ 55. Kxe5 Rh3 56. g6+ Kg8 57. Ra8# 1-0


[Site "https://www.chess.com"]

[Event "Titled Tuesday Blitz March 21 Early 2023"]
[White "Forgacs, Attila Jr."]
[Black "ritanovikova"]
[WhiteFideId "773654"]
[WhiteElo "2168"]
[BlackElo "2209"]
[Result "1/2-1/2"]
[Round "04"]
[TimeControl "180+2"]
[Date "2023.03.21"]
[WhiteClock "0:00:04"]
[BlackClock "0:00:19"]

1. a3 e5 2. e4 Nf6 3. Nc3 d5 4. exd5 Nxd5 5. Nf3 Nxc3 6. bxc3 Bd6 7. d4 exd4 8. cxd4 O-O 9. Be2 Re8 10. O-O Bg4 11. Be3 Nd7 12. c4 c6 13. h3 Bh5 14. Qb3 b6 15. Rfe1 Nf6 16. c5 Bc7 17. Bc4 b5 18. Be2 Nd5 19. Bg5 f6 20. Bd2 Bf7 21. Qc2 Bg6 22. Bd3 Bxd3 23. Qxd3 Qd7 24. a4 a6 25. axb5 axb5 26. Rxa8 Rxa8 27. Qe4 Kf7 28. Qxh7 Ne7 29. Qe4 Ng6 30. h4 Re8 31. Qxe8+ Qxe8 32. Rxe8 Kxe8 33. h5 Ne7 34. Kf1 Kf7 35. Ke2 Ke6 36. g4 Kd5 37. Kd3 Ke6 38. Nh4 Bh2 39. Ng2 Bg1 40. f4 Nd5 41. g5 fxg5 42. fxg5 Kf5 43. h6 gxh6 44. gxh6 Kg6 45. Nh4+ Kh7 46. Nf5 Bh2 47. Nh4 Bg3 48. Nf3 Bc7 49. Ng5+ Kh8 50. Ne6 Bf4 51. Nd8 Bxd2 52. Kxd2 Ne7 53. Ne6 Kh7 54. Kc3 Kxh6 55. Kb4 Kg6 56. Nc7 Kf5 57. d5 cxd5 58. Kxb5 d4 59. Na6 Ke4 60. Nb4 d3 61. Nxd3 Kxd3 62. Kb6 Kd4 63. Kc7 Kxc5 1/2-1/2


[Site "https://www.chess.com"]

[Event "Titled Tuesday Blitz March 21 Early 2023"]
[White "Shevtchenko, Olesya"]
[Black "Ciuffoletti, Paolo"]
[WhiteFideId "24131890"]
[BlackFideId "807630"]
[WhiteElo "2003"]
[BlackElo "2143"]
[Result "1-0"]
[Round "04"]
[TimeControl "180+2"]
[Date "2023.03.21"]
[WhiteClock "0:01:52"]
[BlackClock "0:00:07"]

1. e4 c5 2. Nf3 Nc6 3. d4 cxd4 4. Nxd4 Nf6 5. Nc3 e5 6. Ndb5 d6 7. Nd5 Nxd5 8. exd5 Nb8 9. Qf3 Be7 10. Qc3 Na6 11. Be3 O-O 12. Nxa7 Bf5 13. Bxa6 bxa6 14. Nc6 Qd7 15. O-O Be4 16. Qd2 Rac8 17. c4 Bg6 18. f4 exf4 19. Bxf4 Bf6 20. Rae1 Rxc6 21. dxc6 Qxc6 22. Bxd6 Rd8 23. Rxf6 gxf6 24. c5 Qxc5+ 25. Bxc5 Rxd2 26. Re8+ Kg7 27. Bf8+ 1-0


[Site "https://www.chess.com"]

[Event "Titled Tuesday Blitz March 21 Early 2023"]
[White "Valle Maytin, Luis Enrique"]
[Black "Sabar, Ethmane Daouda"]
[WhiteFideId "3503666"]
[BlackFideId "19600097"]
[WhiteElo "2225"]
[BlackElo "1950"]
[Result "1/2-1/2"]
[Round "04"]
[TimeControl "180+2"]
[Date "2023.03.21"]
[WhiteClock "0:00:23"]
[BlackClock "0:00:08"]

1. e4 c5 2. Nf3 Nc6 3. d4 cxd4 4. Nxd4 Nf6 5. Nc3 e5 6. Ndb5 d6 7. Bg5 a6 8. Na3 b5 9. Bxf6 gxf6 10. Nd5 Bg7 11. c4 b4 12. Nc2 O-O 13. Be2 a5 14. b3 f5 15. f3 fxe4 16. O-O exf3 17. Bxf3 Bb7 18. Be4 Qh4 19. Qd3 f5 20. Bxf5 e4 21. Qxe4 Qxe4 22. Bxe4 Bxa1 23. Rxa1 Rae8 24. Bf3 Ne5 25. Nf6+ Rxf6 26. Bxb7 Nd3 27. Bd5+ Kg7 28. a3 Re2 29. Nd4 Rd2 30. axb4 axb4 31. h3 Nf4 32. Ra7+ Kh6 33. Nf3 Rxg2+ 34. Kf1 Rb2 35. Be4 Ng6 36. h4 Rxb3 37. Kg2 Rb2+ 38. Kg3 Rb3 39. h5 Rbxf3+ 40. Bxf3 Ne5 41. Be4 Kxh5 42. Rxh7+ Kg5 43. Rg7+ Ng6 44. Rb7 Re6 45. Rb5+ Kf6 46. Bxg6 Kxg6 47. Rxb4 Kf6 48. Kf4 Re1 49. Rb5 Ke6 50. Rd5 Rf1+ 51. Ke4 Re1+ 52. Kd4 Rd1+ 53. Ke4 Re1+ 54. Kd4 Rd1+ 55. Ke4 Re1+ 1/2-1/2


[Site "https://www.chess.com"]

[Event "Titled Tuesday Blitz March 21 Early 2023"]
[White "Mrudul Dehankar"]
[Black "Kuchava, Ana"]
[WhiteFideId "25096990"]
[BlackFideId "13605348"]
[WhiteElo "2139"]
[BlackElo "2001"]
[Result "1-0"]
[Round "04"]
[TimeControl "180+2"]
[Date "2023.03.21"]
[WhiteClock "0:00:07"]
[BlackClock "0:00:04"]

1. e4 c5 2. Nf3 d6 3. d4 cxd4 4. Nxd4 Nf6 5. Nc3 Nc6 6. Bg5 e6 7. Qd2 Qb6 8. Nb3 Be7 9. O-O-O O-O 10. f3 Rd8 11. Be3 Qc7 12. Qf2 Nd7 13. g4 a6 14. f4 b5 15. a3 Bb7 16. Bg2 b4 17. axb4 Nxb4 18. f5 Bf6 19. Bd4 Ne5 20. Qg3 h6 21. h4 Qe7 22. Kb1 Nc4 23. Bxf6 Qxf6 24. g5 Qe5 25. Qg4 Rac8 26. Rd4 Nxb2 27. Kxb2 a5 28. f6 a4 29. gxh6 Qxf6 30. Rf1 a3+ 31. Kxa3 Nxc2+ 32. Kb2 1-0


[Site "https://www.chess.com"]

[Event "Titled Tuesday Blitz March 21 Early 2023"]
[White "Kiseleva, Arina"]
[Black "Fernandez Siles, Luis"]
[WhiteFideId "4164989"]
[BlackFideId "2209420"]
[WhiteElo "1756"]
[BlackElo "2186"]
[Result "1-0"]
[Round "04"]
[TimeControl "180+2"]
[Date "2023.03.21"]
[WhiteClock "0:00:37"]
[BlackClock "0:01:37"]

1. d4 Nf6 2. Nf3 g5 3. Bxg5 Ne4 4. Bf4 Bg7 5. Nbd2 d5 6. e3 Nc6 7. Bb5 Bd7 8. Nxe4 dxe4 9. Ng5 e5 10. dxe5 Nxe5 11. Bxd7+ Nxd7 12. Qd5 Nf6 13. Qxf7# 1-0


[Site "https://www.chess.com"]

[Event "Titled Tuesday Blitz March 21 Early 2023"]
[White "salgadoLO"]
[Black "Bhavikatti, Neil"]
[BlackFideId "30935024"]
[WhiteElo "2173"]
[BlackElo "2340"]
[Result "1/2-1/2"]
[Round "04"]
[TimeControl "180+2"]
[Date "2023.03.21"]
[WhiteClock "0:00:06"]
[BlackClock "0:00:15"]

1. d4 d5 2. c4 e6 3. Nc3 Be7 4. cxd5 exd5 5. Bf4 c6 6. e3 Bd6 7. Bxd6 Qxd6 8. Bd3 Ne7 9. Nge2 Bf5 10. O-O Bxd3 11. Qxd3 O-O 12. Rab1 Nd7 13. Rfc1 f5 14. Na4 Nf6 15. h3 Ng6 16. b4 f4 17. Nxf4 Nxf4 18. exf4 Qxf4 19. Nc5 Ne4 20. Nxe4 dxe4 21. Qe3 Rad8 22. b5 cxb5 23. Rxb5 b6 24. Re5 Rxd4 25. Qxf4 Rxf4 26. Rc7 Rd1+ 27. Kh2 Rf7 28. Re8+ Rf8 29. Ree7 Rxf2 30. Rxg7+ Kf8 31. Rxh7 Kg8 32. Rcg7+ Kf8 33. Rxa7 Kg8 34. Rag7+ Kf8 35. Rb7 Kg8 36. Rbg7+ Kf8 37. Rb7 Kg8 38. Rhg7+ Kf8 39. Rh7 1/2-1/2


[Site "https://www.chess.com"]

[Event "Titled Tuesday Blitz March 21 Early 2023"]
[White "Ovezdurdyyeva, Jemal"]
[Black "Sanchez, Robert"]
[WhiteFideId "14001888"]
[BlackFideId "2034360"]
[WhiteElo "2043"]
[BlackElo "2179"]
[Result "1-0"]
[Round "04"]
[TimeControl "180+2"]
[Date "2023.03.21"]
[WhiteClock "0:00:08"]
[BlackClock "0:00:09"]

1. e4 e6 2. d4 d5 3. Nd2 Nf6 4. e5 Nfd7 5. Ngf3 c5 6. c3 Nc6 7. Be2 Qb6 8. Nb3 a5 9. a4 cxd4 10. cxd4 Be7 11. O-O O-O 12. Be3 f6 13. exf6 Nxf6 14. Ne5 Bd7 15. Nxd7 Nxd7 16. Bg4 Nb4 17. Nc5 Nxc5 18. dxc5 Bxc5 19. Bxc5 Qxc5 20. Bxe6+ Kh8 21. Rc1 Qd6 22. Bg4 d4 23. Bf3 Rab8 24. Rc4 d3 25. Qd2 b6 26. Rh4 Qf6 27. Rh3 Rbe8 28. Bh5 g6 29. Bg4 Re4 30. Bf3 Re7 31. Rc1 Qf4 32. Qc3+ Qe5 33. Qd2 Rfe8 34. g4 Rf8 35. Kg2 Qf4 36. Qc3+ Qf6 37. Qc4 Re2 38. b3 Rc2 39. Rxc2 dxc2 40. Qc7 Qb2 41. Qxh7# 1-0


[Site "https://www.chess.com"]

[Event "Titled Tuesday Blitz March 21 Early 2023"]
[White "Kornyukov, Alexey"]
[Black "Van Osch, Mees"]
[WhiteFideId "4150457"]
[BlackFideId "1035967"]
[WhiteElo "2352"]
[BlackElo "2324"]
[Result "0-1"]
[Round "04"]
[TimeControl "180+2"]
[Date "2023.03.21"]
[WhiteClock "0:00:34"]
[BlackClock "0:00:49"]

1. e4 c5 2. Nf3 e6 3. c3 d5 4. exd5 exd5 5. d4 Nf6 6. Be2 Nc6 7. Bg5 c4 8. O-O Be7 9. Ne5 Bf5 10. Qa4 O-O 11. Nxc6 bxc6 12. Qxc6 Rb8 13. b4 a5 14. a3 Bd7 15. Qa6 Ra8 16. Qb7 axb4 17. Bxf6 Bxf6 18. Qxd5 b3 19. Qxc4 b2 20. Ra2 Be6 21. Rxb2 Bxc4 22. Bxc4 Qc7 23. Nd2 Rxa3 24. Rfb1 Rxc3 25. Rb7 Qf4 26. Rxf7 Rxf7 27. Rb7 Rc1+ 28. Nf1 Rxf1+ 29. Kxf1 Qc1+ 30. Ke2 Qxc4+ 0-1


[Site "https://www.chess.com"]

[Event "Titled Tuesday Blitz March 21 Early 2023"]
[White "lluiss"]
[Black "Alahakoon, Isuru"]
[BlackFideId "9900993"]
[WhiteElo "2151"]
[BlackElo "1995"]
[Result "1-0"]
[Round "04"]
[TimeControl "180+2"]
[Date "2023.03.21"]
[WhiteClock "0:00:06"]
[BlackClock "0:00:01"]

1. Nf3 d5 2. d4 Bf5 3. c4 e6 4. Qb3 Nc6 5. Bd2 Rb8 6. cxd5 exd5 7. Nc3 Nf6 8. Bg5 Nb4 9. Rc1 c6 10. a3 Na6 11. Bxf6 Qxf6 12. e4 dxe4 13. Ne5 Nc7 14. Bc4 Bg6 15. O-O Bd6 16. Nxc6 Bxh2+ 17. Kxh2 Qxc6 18. d5 Qd6+ 19. Kg1 O-O 20. Nb5 Nxb5 21. Qxb5 a6 22. Qb3 b5 23. Be2 Rfd8 24. Rfd1 Rbc8 25. Rxc8 Rxc8 26. a4 b4 27. Qe3 f5 28. Qa7 a5 29. Qxa5 Rc2 30. Qa8+ Kf7 31. Qb7+ Kf6 32. Bb5 Qc5 33. Rf1 e3 34. Qc6+ Qxc6 35. Bxc6 e2 36. Re1 f4 37. f3 Bd3 38. Kf2 Ke5 39. Bb5 Bxb5 40. axb5 Rxb2 41. b6 Kd6 42. Rc1 Ra2 43. b7 e1=Q+ 44. Kxe1 b3 45. b8=Q+ Kxd5 46. Qxb3+ 1-0


[Site "https://www.chess.com"]

[Event "Titled Tuesday Blitz March 21 Early 2023"]
[White "Larina, Maria"]
[Black "Martinez, Shawn"]
[WhiteFideId "24113182"]
[BlackFideId "2039770"]
[WhiteElo "1848"]
[BlackElo "2174"]
[Result "0-1"]
[Round "04"]
[TimeControl "180+2"]
[Date "2023.03.21"]
[WhiteClock "0:00:11"]
[BlackClock "0:01:07"]

1. e4 c5 2. Nc3 e6 3. Nf3 a6 4. d4 cxd4 5. Nxd4 Bb4 6. Bd2 d6 7. a3 Bxc3 8. Bxc3 Nf6 9. Qf3 O-O 10. g4 Nbd7 11. g5 Ne5 12. Qg3 Nxe4 13. Qe3 Nxc3 14. Qxc3 Qxg5 15. h4 Qf4 16. Bg2 Bd7 17. Ne2 Qf6 18. Bxb7 Rab8 19. Bg2 Rfc8 20. Qd4 Rxc2 21. b4 Bb5 22. Ng3 Nf3+ 23. Bxf3 Qxd4 0-1


[Site "https://www.chess.com"]

[Event "Titled Tuesday Blitz March 21 Early 2023"]
[White "Sovetbekova, Nurai"]
[Black "th3d4rkness"]
[WhiteFideId "13801910"]
[WhiteElo "1857"]
[BlackElo "2122"]
[Result "1-0"]
[Round "04"]
[TimeControl "180+2"]
[Date "2023.03.21"]
[WhiteClock "0:00:05"]
[BlackClock "0:00:04"]

1. d4 Nf6 2. c4 c5 3. d5 b5 4. cxb5 a6 5. e3 g6 6. Nc3 Bg7 7. Nf3 d6 8. Qc2 O-O 9. a4 axb5 10. Bxb5 Na6 11. O-O Nb4 12. Qe2 Bg4 13. Bd2 Rb8 14. h3 Bd7 15. Bxd7 Nxd7 16. Rab1 Qa5 17. b3 Rfc8 18. Nb5 Qa8 19. Rfc1 Nxd5 20. e4 Nc7 21. Nxc7 Rxc7 22. Ne1 Rcb7 23. Qc4 Ne5 24. Qc2 Qa6 25. Bc3 Nc6 26. Bxg7 Kxg7 27. Nd3 Nd4 28. Qd1 e5 29. Rc3 Qc6 30. f3 Qa6 31. Kh2 h6 32. Nf2 f5 33. exf5 gxf5 34. Nd3 Kf6 35. Qe1 Kg6 36. Qg3+ Kh7 37. Qe1 Rg7 38. b4 Rbg8 39. Rb2 cxb4 40. Nxb4 Qa8 41. Qf1 f4 42. Nc6 Nxc6 43. Qd3+ Kh8 44. Qxd6 Nd4 45. Qxh6+ Rh7 46. Qf6+ Rhg7 47. Qxe5 1-0


[Site "https://www.chess.com"]

[Event "Titled Tuesday Blitz March 21 Early 2023"]
[White "Friedel, Tom"]
[Black "Michalski, Olaf"]
[WhiteFideId "2002108"]
[BlackFideId "1106740"]
[WhiteElo "2305"]
[BlackElo "2173"]
[Result "1-0"]
[Round "04"]
[TimeControl "180+2"]
[Date "2023.03.21"]
[WhiteClock "0:01:19"]
[BlackClock "0:00:55"]

1. e4 c5 2. Nf3 d6 3. c3 Nf6 4. Bd3 e5 5. Bc2 Be7 6. O-O O-O 7. d4 Qc7 8. Nbd2 Nc6 9. d5 Nb8 10. Re1 Nbd7 11. Nf1 b5 12. Ng3 Re8 13. Nf5 Bf8 14. N3h4 c4 15. Qf3 Nc5 16. b4 cxb3 17. axb3 Ncd7 18. Bg5 Kh8 19. b4 Bb7 20. Ra5 a6 21. h3 Rac8 22. Re3 h6 23. Nxh6 gxh6 24. Bxf6+ Nxf6 25. Qxf6+ Bg7 26. Qf3 Qe7 27. Nf5 Qg5 28. Nxd6 1-0


[Site "https://www.chess.com"]

[Event "Titled Tuesday Blitz March 21 Early 2023"]
[White "dorpato"]
[Black "Kraus, Tomas"]
[BlackFideId "331708"]
[WhiteElo "1997"]
[BlackElo "2389"]
[Result "0-1"]
[Round "04"]
[TimeControl "180+2"]
[Date "2023.03.21"]
[WhiteClock "0:00:02"]
[BlackClock "0:00:02"]

1. d4 Nf6 2. Nf3 c5 3. e3 d5 4. Nbd2 Bf5 5. Bd3 Bxd3 6. cxd3 cxd4 7. Nxd4 e5 8. N4b3 Nc6 9. O-O Bd6 10. e4 O-O 11. f3 Rc8 12. Re1 h6 13. Nf1 d4 14. Ng3 Ne7 15. Bd2 b5 16. Rc1 Qd7 17. Re2 Rxc1 18. Qxc1 Rc8 19. Qd1 b4 20. Qf1 Qb5 21. Re1 Rc2 22. Rb1 a5 23. Nc1 a4 24. Be1 Nd7 25. Nge2 Ng6 26. g3 Nc5 27. f4 exf4 28. Nxf4 Nxf4 29. gxf4 Ne6 30. Bg3 Qh5 31. Ne2 Qxe2 32. Qxe2 Rxe2 33. f5 Bxg3 34. hxg3 Ng5 35. Kf1 Rc2 36. Ke1 Nf3+ 37. Kd1 Rd2+ 38. Kc1 Rxd3 39. Kc2 Rd2+ 40. Kc1 Rg2 41. a3 Rg1+ 42. Kc2 Rxb1 43. Kxb1 d3 44. Kc1 bxa3 45. bxa3 Kf8 0-1


[Site "https://www.chess.com"]

[Event "Titled Tuesday Blitz March 21 Early 2023"]
[White "Vargas Pereda, Jesus Manue"]
[Black "Hercegovac, Neven"]
[WhiteFideId "5115710"]
[BlackFideId "2839135"]
[WhiteElo "1914"]
[BlackElo "2075"]
[Result "0-1"]
[Round "04"]
[TimeControl "180+2"]
[Date "2023.03.21"]
[WhiteClock "0:00:24"]
[BlackClock "0:00:13"]

1. d4 d5 2. Bf4 c5 3. e3 Nc6 4. c3 Bf5 5. Nf3 e6 6. Nbd2 Qb6 7. Qb3 c4 8. Qxb6 axb6 9. a3 b5 10. Rc1 h5 11. h3 f6 12. Be2 g5 13. Bh2 Kd7 14. Bd1 Bd6 15. Bxd6 Kxd6 16. Bc2 Nge7 17. Bxf5 exf5 18. Ke2 Ng6 19. Nh2 Rhe8 20. Nhf1 f4 21. Kd1 Re7 22. Kc2 Rae8 23. b3 Ra8 24. Ra1 b6 25. a4 cxb3+ 26. Nxb3 bxa4 27. Kb2 Rea7 28. Nc1 b5 29. exf4 Nxf4 30. g3 Ne6 31. Ne3 b4 32. Nd3 bxc3+ 33. Kxc3 Nexd4 34. Rhd1 a3 35. Nb4 Ne2+ 36. Kb3 Rb8 37. Nxd5 Ned4+ 38. Kc4 Ke5 39. f4+ gxf4 40. gxf4+ Ke4 41. Re1+ Kf5 42. Rad1 Nxb4 43. Nxb4 Ra4 44. Kxd4 Rd8+ 45. Kc5 Rxd1 46. Rxd1 a2 47. Ra1 Kxf4 48. Nxa2 Kg3 49. Nc3 Rxa1 50. Ne4+ Kxh3 51. Nxf6 h4 52. Kd4 Kg3 53. Ke4 h3 54. Nh5+ Kf2 55. Kd3 h2 56. Nf4 h1=Q 57. Kc3 Qf3+ 58. Nd3+ Ke2 59. Kc4 Qxd3+ 60. Kc5 Rc1+ 61. Kb4 Qd2+ 62. Kb3 Rc3+ 63. Kb4 Qb2+ 64. Ka4 Ra3# 0-1


[Site "https://www.chess.com"]

[Event "Titled Tuesday Blitz March 21 Early 2023"]
[White "Dubov, Daniil"]
[Black "Makarian, Rudik"]
[WhiteFideId "24126055"]
[BlackFideId "44105681"]
[WhiteElo "2802"]
[BlackElo "2436"]
[Result "1-0"]
[Round "05"]
[TimeControl "180+2"]
[Date "2023.03.21"]
[WhiteClock "0:00:20"]
[BlackClock "0:00:05"]

1. d4 Nf6 2. c4 e6 3. Nc3 d5 4. cxd5 exd5 5. Bg5 c6 6. e3 h6 7. Bh4 Be7 8. Bd3 O-O 9. Bg3 Bd6 10. Nge2 Re8 11. O-O Bxg3 12. Nxg3 Nbd7 13. Qd2 Nf8 14. Rad1 Be6 15. f3 b5 16. Nce2 Qb6 17. Kh1 h5 18. e4 h4 19. e5 N6d7 20. Nf5 Bxf5 21. Bxf5 g6 22. Bxd7 Nxd7 23. Qh6 c5 24. f4 c4 25. Qxh4 f5 26. g4 Qe6 27. gxf5 Qxf5 28. Ng3 Qc2 29. f5 Nf8 30. Qg4 Re7 31. Nh5 Kh8 32. Nf6 gxf5 33. Qg8# 1-0


[Site "https://www.chess.com"]

[Event "Titled Tuesday Blitz March 21 Early 2023"]
[White "Le, Tuan Minh"]
[Black "Indjic, Aleksandar"]
[WhiteFideId "12401153"]
[BlackFideId "911925"]
[WhiteElo "2558"]
[BlackElo "2614"]
[Result "1-0"]
[Round "05"]
[TimeControl "180+2"]
[Date "2023.03.21"]
[WhiteClock "0:00:11"]
[BlackClock "0:00:21"]

1. d4 d6 2. e4 Nf6 3. Nc3 e5 4. Nf3 Nbd7 5. Bc4 Be7 6. O-O h6 7. Re1 c6 8. a4 Qc7 9. Ba2 a5 10. h3 g5 11. Nh2 Nf8 12. Be3 Ng6 13. Qd2 Nf4 14. Rad1 Rg8 15. dxe5 dxe5 16. Nf3 Ne6 17. Nd5 cxd5 18. exd5 Ne4 19. dxe6 Bxe6 20. Qd3 Bxa2 21. Qxe4 Be6 22. Nxe5 Rd8 23. Rxd8+ Bxd8 24. Ng4 h5 25. Nh6 Rg6 26. Nf5 Kf8 27. Bd4 Bf6 28. Ne3 Qc6 29. Qxc6 bxc6 30. Bxf6 Rxf6 31. b3 Ke7 32. f3 Kd6 33. Kf2 Kc5 34. Nf1 Kb4 35. Ng3 h4 36. Ne4 Rf5 37. Rd1 Bd5 38. Rd4+ Ka3 39. Nd6 Re5 40. Nc4+ Bxc4 41. Rxc4 c5 42. f4 Rf5 43. g3 Kb2 44. gxh4 gxh4 45. Kf3 Rf6 46. Rxc5 Rg6 47. Rxa5 Rg3+ 48. Ke4 Kxc2 49. b4 Kb3 50. b5 Kb4 51. Ra8 Kc5 52. Rc8+ Kb6 53. Rc6+ Kb7 54. Rf6 Rxh3 55. Rxf7+ Kb6 56. Rf6+ Kb7 57. a5 Rb3 58. Rf7+ Kb8 59. b6 h3 60. Kd5 Rb1 61. Rh7 Rd1+ 62. Kc6 Rc1+ 63. Kb5 1-0


[Site "https://www.chess.com"]

[Event "Titled Tuesday Blitz March 21 Early 2023"]
[White "Seo, Jung Min"]
[Black "Paravyan, David"]
[WhiteFideId "1734687"]
[BlackFideId "4194985"]
[WhiteElo "2468"]
[BlackElo "2577"]
[Result "1/2-1/2"]
[Round "05"]
[TimeControl "180+2"]
[Date "2023.03.21"]
[WhiteClock "0:00:09"]
[BlackClock "0:00:03"]

1. e4 e5 2. Nf3 Nf6 3. d4 Nxe4 4. Bd3 d5 5. Nxe5 Bd6 6. O-O O-O 7. c4 c5 8. cxd5 Nf6 9. Nf3 cxd4 10. Nxd4 Nxd5 11. Nc3 Nxc3 12. bxc3 Nc6 13. Nxc6 bxc6 14. Qf3 Be6 15. Qxc6 Bd5 16. Qa4 Re8 17. Bf4 Qh4 18. g3 Qg4 19. c4 Bb7 20. Rab1 Bf3 21. Rfe1 Rxe1+ 22. Rxe1 Bf8 23. Qc2 g6 24. Bf1 Rd8 25. c5 Qc8 26. Be3 Re8 27. Rc1 Bc6 28. Bg2 h5 29. Bxc6 Qxc6 30. Qc4 Re4 31. Qd3 h4 32. Rd1 h3 33. Qd5 Qa4 34. Qb3 Qc6 35. Qd5 Qa4 36. Qb3 Qc6 37. Qd5 1/2-1/2


[Site "https://www.chess.com"]

[Event "Titled Tuesday Blitz March 21 Early 2023"]
[White "Pranav, V"]
[Black "Parkhov, Yair"]
[WhiteFideId "25060783"]
[BlackFideId "2813408"]
[WhiteElo "2500"]
[BlackElo "2421"]
[Result "1-0"]
[Round "05"]
[TimeControl "180+2"]
[Date "2023.03.21"]
[WhiteClock "0:00:41"]
[BlackClock "0:00:06"]

1. e4 e5 2. Nf3 Nc6 3. Bb5 a6 4. Ba4 Bc5 5. O-O b5 6. Bb3 Nf6 7. c3 d5 8. exd5 Nxd5 9. d4 exd4 10. cxd4 Be7 11. Nc3 Nxc3 12. bxc3 O-O 13. h3 Bf5 14. Re1 Na5 15. Ne5 Nxb3 16. Nc6 Nxa1 17. Nxd8 Bxd8 18. Qf3 Nc2 19. Re2 Bg5 20. Bxg5 Bg6 21. h4 h5 22. Qc6 b4 23. Qa4 bxc3 24. Rxc2 Rfe8 25. Rxc3 Re1+ 26. Kh2 Rb8 27. Re3 Rxe3 28. Bxe3 Be4 29. Qxa6 1-0


[Site "https://www.chess.com"]

[Event "Titled Tuesday Blitz March 21 Early 2023"]
[White "Tillyaev, Ulugbek"]
[Black "Alekseenko, Kirill"]
[WhiteFideId "14202441"]
[BlackFideId "4135539"]
[WhiteElo "2377"]
[BlackElo "2683"]
[Result "0-1"]
[Round "05"]
[TimeControl "180+2"]
[Date "2023.03.21"]
[WhiteClock "0:00:01"]
[BlackClock "0:00:30"]

1. Nf3 d5 2. c4 dxc4 3. e3 Bg4 4. Bxc4 e6 5. d4 a6 6. h3 Bh5 7. O-O Nc6 8. Nc3 Nf6 9. a3 Bd6 10. Be2 O-O 11. b4 Nd5 12. Ne4 f5 13. Nc5 Bxc5 14. bxc5 Nc3 15. Qc2 Nxe2+ 16. Qxe2 Qd5 17. Rb1 Rab8 18. Rd1 h6 19. a4 Rfd8 20. Ba3 Qe4 21. Kf1 Ne7 22. Rbc1 c6 23. Bb4 Nd5 24. Ba5 Rf8 25. Re1 Rf7 26. Kg1 Rbf8 27. Nd2 Qh4 28. Qf1 Rf6 29. g3 Rg6 30. Kh2 Qe7 31. Nc4 Rgf6 32. Ne5 g5 33. Qg2 Kh7 34. f4 Rg8 35. Qf2 Rg7 36. Rg1 Rf8 37. Bd2 Nf6 38. Bb4 Rfg8 39. Rcf1 Ne4 40. Qe1 Qd8 41. g4 gxf4 42. gxh5 Qd5 43. Rxg7+ Rxg7 44. Rg1 Qa2+ 45. Kh1 Ng3+ 46. Rxg3 Rxg3 0-1


[Site "https://www.chess.com"]

[Event "Titled Tuesday Blitz March 21 Early 2023"]
[White "Kramnik, Vladimir"]
[Black "Andreikin, Dmitry"]
[WhiteFideId "4101588"]
[BlackFideId "4158814"]
[WhiteElo "2712"]
[BlackElo "2736"]
[Result "0-1"]
[Round "05"]
[TimeControl "180+2"]
[Date "2023.03.21"]
[WhiteClock "0:00:01"]
[BlackClock "0:00:11"]

1. Nf3 b5 2. e4 Bb7 3. Bxb5 Bxe4 4. O-O c6 5. Ba4 Nf6 6. d4 e6 7. c4 Be7 8. Nc3 Bxf3 9. Qxf3 O-O 10. d5 cxd5 11. cxd5 Na6 12. Rd1 Qb6 13. Bg5 Nc5 14. Bc2 Qxb2 15. Rac1 Rac8 16. Qh3 g6 17. Bb1 Nxd5 18. Rc2 Qb7 19. Nxd5 Bxg5 20. Qg4 exd5 21. Qxg5 Ne4 22. Qe3 Rxc2 23. Bxc2 Rc8 24. Bb3 Nc3 25. Re1 Qb6 26. Qf3 Qd4 27. g3 Kg7 28. Re7 Qf6 29. Qxf6+ Kxf6 30. Rxd7 a5 31. Bxd5 Nxd5 32. Rxd5 a4 33. Rd4 a3 34. Rd3 Ra8 35. h4 h5 36. Re3 Kf5 37. Kf1 f6 38. Ke2 g5 39. hxg5 fxg5 40. Kf3 Ra7 41. Kg2 Ra6 42. Kh3 Ra5 43. Rb3 Ra6 44. Rb5+ Kg6 45. f4 gxf4 46. gxf4 Ra4 47. Kg3 Rc4 48. Rb3 Ra4 49. Rb6+ Kf5 50. Rb5+ Kg6 51. Rg5+ Kh6 52. Rb5 Rd4 53. Rb3 Ra4 54. Rb6+ Kg7 55. Rb3 Kf6 56. Rb6+ Kf7 57. Rb3 Ra5 58. Rc3 Kf6 59. Rb3 Kf5 60. Rc3 Ke4 61. Rb3 Kd4 62. Kh4 Ke4 63. Kg3 Rc5 0-1


[Site "https://www.chess.com"]

[Event "Titled Tuesday Blitz March 21 Early 2023"]
[White "Esipenko, Andrey"]
[Black "Duda, Jan-Krzysztof"]
[WhiteFideId "24175439"]
[BlackFideId "1170546"]
[WhiteElo "2615"]
[BlackElo "2790"]
[Result "0-1"]
[Round "05"]
[TimeControl "180+2"]
[Date "2023.03.21"]
[WhiteClock "0:00:01"]
[BlackClock "0:00:06"]

1. d4 d5 2. c4 e6 3. Nf3 Nf6 4. g3 Be7 5. Bg2 O-O 6. O-O c6 7. Qc2 b6 8. Nbd2 Bb7 9. b3 Nbd7 10. Bb2 c5 11. Rac1 Rc8 12. Rfd1 h6 13. Qb1 Ba8 14. cxd5 exd5 15. Ne5 Re8 16. Ndf3 Bf8 17. Qf5 Qe7 18. e3 Red8 19. Qd3 Bb7 20. Nh4 Nxe5 21. dxe5 Ne4 22. Qe2 g6 23. Bh3 Rc7 24. e6 Bg7 25. exf7+ Qxf7 26. Bxg7 Kxg7 27. Bg2 Re7 28. b4 cxb4 29. Qb2+ Qf6 30. Rd4 a5 31. Nf3 Rf8 32. a3 bxa3 33. Qxa3 g5 34. h3 h5 35. Rc2 Kh6 36. h4 g4 37. Ng5 Qd6 38. Qxd6+ Nxd6 39. Bxd5 Nf5 40. Rd3 Rd8 41. e4 Bxd5 42. exd5 Rd6 43. Rc8 Kg6 44. Rg8+ Kf6 45. Rf8+ Kg6 46. Kg2 Re5 47. Rg8+ Kf6 48. Rh8 Rexd5 49. Rc3 Ke5 50. Rxh5 Kd4 51. Rc1 Rc5 52. Rd1+ Kc4 53. Re1 Nd4 54. Rh8 Rd7 55. Ne4 Rc6 56. h5 a4 57. h6 b5 58. h7 Kb3 59. Ng5 Rcc7 60. Re4 Nf3 61. Ne6 Rxh7 0-1


[Site "https://www.chess.com"]